 Dungeon Crawl Stone Soup version 0.31-a0-963-ga325b2283a (webtiles) character file.

Game seed: 11710045537791803945

4276 IdlyInterested the Slicer (level 10, -8/71 HPs)
             Began as a Demonspawn Fighter on Oct 25, 2023.
             Mangled by a spriggan
             ... wielding a +0 spear
              (10 damage)
             ... in a bailey.
             The game lasted 00:32:54 (6789 turns).

IdlyInterested the Slicer (Demonspawn Fighter)      Turns: 6789, Time: 00:32:54

Health: -8/71      AC: 11    Str: 18    XL:     10   Next: 10%
Magic:  16/16      EV: 12    Int: 13    God:
Gold:   428        SH: 10    Dex: 12    Spells: 18/18 levels left

rFire   + . .        j - +3 short sword (speed)
rCold   + . .        W - +0 buckler {rC+ rF+}
rNeg    . . .        L - +0 steam dragon scales
rPois   +            a - +0 helmet
rElec   .            (no cloak)
rCorr   .            f - +2 pair of gloves
SInv    .            I - +0 pair of boots
Will    .....        k - amulet of reflection
Stlth   +++          m - +4 ring of protection
HPRegen 0.31/turn    R - ring of poison resistance
MPRegen 0.15/turn

%: reflection
@: corroded, invisible
A: demonic magic 1, weakness stinger 2
a: no special abilities


You were in a bailey.
You visited 2 branches of the dungeon, and saw 11 of its levels.
You also visited: Sewer, Ossuary and Bailey.

You collected 428 gold pieces.

Inventory:

Hand Weapons
 j - a +3 short sword of speed (weapon)
 t - a +2 long sword of flaming
 y - a +0 dagger
 H - the +9 orcbow of Rotten Gallantry {drain, Fly}
   (You found it on level 4 of the Dungeon)

   Fly:       It grants you flight.
 Q - a +1 dagger of flaming
Missiles
 d - a throwing net
 p - 28 poisoned darts
 s - 39 stones (quivered)
 v - 7 curare-tipped darts
 E - 5 boomerangs
Armour
 a - a +0 helmet (worn)
 f - a +2 pair of gloves (worn)
 u - a +0 leather armour of willpower
 w - an orb of light
 I - a +0 pair of boots (worn)
 L - +0 steam dragon scales (worn)
 M - a +0 cloak
 S - a +0 kite shield
 W - a +0 buckler of resistance (worn)
Magical Staves
 e - a staff of fire
Jewellery
 k - an amulet of reflection (around neck)
 m - a +4 ring of protection (left hand)
 z - a ring of see invisible
 R - a ring of poison resistance (right hand)
Talismans
 T - a maw talisman
Wands
 q - a wand of flame (78)
 V - a wand of roots (11)
Scrolls
 b - a scroll of noise {unknown}
 i - 4 scrolls of amnesia
 n - 4 scrolls of blinking
 o - 2 scrolls of immolation
 r - a scroll of vulnerability
 x - a scroll of fear
 B - 2 scrolls of silence
 C - 2 scrolls of teleportation
 G - 2 scrolls of fog
 U - 2 scrolls of identify
Potions
 g - 2 potions of magic
 l - 3 potions of resistance
 A - a potion of attraction
 D - 2 potions of lignification
 F - a potion of brilliance
 J - a potion of curing
 K - a potion of enlightenment
 N - a potion of heal wounds
 O - a potion of mutation
 P - a potion of cancellation


   Skills:
 - Level 4.0 Fighting
 - Level 10.0 Short Blades
 - Level 2.0 Throwing
 - Level 3.0 Armour
 - Level 3.0 Dodging
 - Level 5.0 Stealth
 - Level 4.0 Shields
 - Level 1.7 Unarmed Combat
 * Level 4.5 Spellcasting
 + Level 1.9 Evocations


You had 18 spell levels left.
You didn't know any spells.
Your spell library contained the following spells:

 Spells                   Type           Power      Damage    Failure   Level
 Apportation              Tloc           4%         N/A       26%         1
 Kiss of Death            Conj/Necr      8%         2d6       26%         1
 Jinxbite                 Hex            4%         N/A       36%         2
 Confusing Touch          Hex            2%         N/A       58%         3
 Inner Flame              Hex/Fire       2%         N/A       58%         3
 Tukima's Dance           Hex            2%         N/A       58%         3
 Dimensional Bullseye     Hex/Tloc       1%         N/A       94%         4
 Dispel Undead            Necr           2%         3d7       94%         4
 Flame Wave               Conj/Fire      2%         2d4       94%         4
 Iskenderun's Mystic Bla  Conj/Tloc      2%         2d3       94%         4
 Sticky Flame             Conj/Fire      2%         2d3       94%         4
 Alistair's Intoxication  Tmut/Pois      1%         N/A       100%        5


Dungeon Overview and Level Annotations

Branches:
Dungeon (10/15)            Temple (1/1) D:7           Sewer (visited)
Ossuary (visited)          Bailey (1/1)
   Lair: D:8-11         Orc: D:9-12

Altars:
Ashenzari
Dithmenos
Fedhas
Gozag
Hepliaklqana
Makhleb
Nemelex Xobeh
Okawaru
Qazlal
Ru
Sif Muna
Trog
Vehumet
Wu Jian
Yredelemnul

Shops:
D:1 [[?:

Annotations:
D:8 2 runed translucent doors


Innate Abilities, Weirdness & Mutations

Spells you cast may paralyse adjacent enemies.
You have a tail ending in a sharp stinger.


Message History

You hit the spriggan.
The spriggan is almost dead.
You block the acid dragon's attack. The acid dragon closely misses you.
You miss the spriggan.
The spriggan is almost dead.
The spriggan closely misses you. You block the two-headed ogre's attack.
The two-headed ogre hits you from afar with a +0 halberd!
You hit the spriggan.
You kill the spriggan!
The acid dragon bites you!
* * * LOW HITPOINT WARNING * * *
You block the acid dragon's attack. The acid dragon spits acid at you.
The splash of acid misses you.
A spriggan comes into view. It is wielding a +0 spear.
You fade into invisibility!
The two-headed ogre hits you but does no damage.
You block the two-headed ogre's attack.
You hit the acid dragon.
The acid dragon is lightly wounded.
You block the spriggan's attack.
You hit the acid dragon. You tail-slap the acid dragon.
The acid dragon is heavily wounded.
You closely miss the acid dragon.
The acid dragon is heavily wounded.
You catch the helpless acid dragon completely off-guard!
You puncture the acid dragon!
The acid dragon is almost dead.
The acid dragon spits acid at you. The splash of acid hits you!!
* * * LOW HITPOINT WARNING * * *
The acid corrodes you!
The spriggan hits you but does no damage.
The spriggan attacks as it pursues you! You block the spriggan's attack.
You hit the acid dragon but do no damage.
You tail-slap the acid dragon.
You kill the acid dragon!
The spriggan attacks as it pursues you!
The spriggan hits you from afar with a +0 spear!
You die...

..♣###♣♣#..## .#
....♣#..##
...##).##
♣).♣♣..# ♣O.#..#
♣..#..# #
♣i†♣..# #.
#..#..# #..
♣♣@.#..#
♣..♣♣♣♣♣..#♣..#
#.......##..##
#..####~#♣#♣..##
#....~~~....##
##.........##
##.......##
#########


You could see a two-headed ogre (unable to see you) and a spriggan.

Vanquished Creatures
  Pikel (D:5)
  A spriggan (Bailey)
  3 steam dragons
  Menkaure (D:4)
  An acid dragon (Bailey)
  A water moccasin (D:7)
  A black bear (D:5)
  An ogre (Bailey)
  A centaur (D:5)
  5 phantoms
  2 elf zombies (Ossuary)
  5 kobold brigands
  A gnoll sergeant (D:7)
  4 bullfrogs
  2 scorpions
  9 killer bees (D:8)
  A howler monkey (D:6)
  An electric eel (D:7)
  A crimson imp (D:5)
  3 hounds
  A human zombie (Ossuary)
  A centaur zombie (Ossuary)
  A sleepcap (D:5)
  2 gnoll boudas
  An orc priest (D:4)
  5 iguanas
  3 orc wizards (D:4)
  4 mummies
  A hound zombie (Ossuary)
  13 gnolls
  8 adders
  2 white imps
  6 ufetubi
  5 adder zombies (Ossuary)
  A dart slug (D:1)
  13 orcs
  11 endoplasms
  11 giant cockroaches
  2 gnoll zombies (Ossuary)
  7 hobgoblins
  26 kobolds
  12 ball pythons
  6 bats
  3 frilled lizards
  11 goblins
  6 goblin zombies (Ossuary)
  A hobgoblin zombie (Ossuary)
  4 jackal zombies (Ossuary)
  2 kobold zombies (Ossuary)
  2 orc zombies (Ossuary)
  2 quokka zombies (Ossuary)
  9 rats
  2 rat zombies (Ossuary)
229 creatures vanquished.

Vanquished Creatures (others)
  An adder (D:6)
  2 orcs (D:6)
3 creatures vanquished.

Grand Total: 232 creatures vanquished

Notes
Turn   | Place    | Note
-------+----------+-------------------------------------------
     0 | D:1      | IdlyInterested the Demonspawn Fighter began the quest for
                  | the Orb.
     0 | D:1      | Reached XP level 1. HP: 18/18 MP: 1/1
    56 | D:1      | Found a faded altar of an unknown god.
    58 | D:1      | Found Quptitop's Antique Armour Boutique.
   200 | D:1      | Found Kafaq's Magic Scroll Shoppe.
   216 | D:1      | Reached skill level 1 in Dodging
   216 | D:1      | Gained mutation: You have a small tail. [demonic ancestry]
   216 | D:1      | Reached XP level 2. HP: 24/24 MP: 2/2
   305 | D:1      | Found Buovvum's Book Shoppe.
   520 | D:1      | Found Hehi Yhu's Antique Armour Shop.
   840 | D:2      | Reached skill level 1 in Evocations
   840 | D:2      | Reached XP level 3. HP: 29/29 MP: 3/3
  1310 | D:2      | Gained mutation: Spells you cast may paralyse adjacent
                  | enemies. [demonic ancestry]
  1310 | D:2      | Reached XP level 4. HP: 35/35 MP: 4/4
  1366 | D:2      | Reached skill level 1 in Throwing
  1696 | D:3      | Found an iron altar of Okawaru.
  1701 | D:3      | Found a burning altar of Makhleb.
  2311 | D:3      | Reached skill level 1 in Short Blades
  2436 | D:4      | Reached skill level 1 in Spellcasting
  2436 | D:4      | Reached XP level 5. HP: 41/41 MP: 6/6
  2485 | D:4      | Reached skill level 2 in Short Blades
  2510 | D:4      | Reached skill level 1 in Stealth
  2551 | D:4      | Noticed Menkaure
  2559 | D:4      | Killed Menkaure
  2560 | D:4      | Reached skill level 3 in Short Blades
  2560 | D:4      | Reached XP level 6. HP: 47/47 MP: 7/7
  2579 | D:4      | Found a sand-covered staircase.
  2590 | Ossuary  | Entered an ossuary
  2647 | Ossuary  | Reached skill level 4 in Short Blades
  2755 | Ossuary  | Reached XP level 7. HP: 51/52 MP: 8/8
  2863 | Ossuary  | Reached skill level 5 in Short Blades
  3314 | D:4      | Identified the +9 orcbow of Rotten Gallantry {drain, Fly}
  3671 | D:4      | Reached skill level 6 in Short Blades
  3923 | D:5      | Entered Level 5 of the Dungeon
  3925 | D:5      | Noticed Pikel
  3986 | D:5      | Killed Pikel
  3987 | D:5      | Reached skill level 7 in Short Blades
  3987 | D:5      | Reached XP level 8. HP: 45/58 MP: 9/11
  4127 | D:5      | Reached skill level 8 in Short Blades
  4725 | D:6      | Reached skill level 9 in Short Blades
  4855 | D:6      | Gained mutation: You have a tail ending in a sharp stinger.
                  | [demonic ancestry]
  4855 | D:6      | Reached XP level 9. HP: 60/63 MP: 12/12
  4916 | D:6      | Found a glowing drain.
  4964 | D:6      | Reached skill level 10 in Short Blades
  4996 | Sewer    | Entered a sewer
  5857 | D:7      | Found a staircase to the Ecumenical Temple.
  5879 | Temple   | Entered the Ecumenical Temple
  6348 | D:7      | Found a broken altar of Ashenzari.
  6434 | D:8      | Found a flagged portal.
  6447 | D:8      | You fall into a shaft and drop 2 floors!
  6447 | D:10     | Entered Level 10 of the Dungeon
  6462 | D:10     | Noticed a manticore
  6596 | D:8      | Reached skill level 5 in Stealth
  6596 | D:8      | Reached XP level 10. HP: 36/71 MP: 16/16
  6600 | D:8      | Found a large runed translucent door.
  6600 | D:8      | Found a large runed translucent door.
  6614 | Bailey   | Entered a bailey
  6763 | Bailey   | Noticed a two-headed ogre
  6786 | Bailey   | HP: 1/71 [acid dragon/splash of acid (18)]
  6789 | Bailey   | Mangled by a spriggan

Illustrated notes

Levels and vault maps discovered:
D:1:      scummos_arrival_simple_fountains, layout_loops_cross,
          shapermc_ecumenical_altar_mp_ritualfount, serial_shops,
          nicolae_shop_trees, shop, shop, nicolae_square_shop
D:2:      wad_river_or_something, layout_rooms, basic_altar, serial_glass,
          glass_columns_c, glass_columns_a, feat_on_display,
          due_unseen_surprise, chequers_hall_statues_y, minmay_gold_behind_fungi
D:3:      layout_loops_ring, mainiacjoe_overflow_big_doors
D:4:      layout_loops_corners, gup_ossuary_entry_pyramid, uniq_menkaure
D:5:      layout_basic, minmay_fire_ice_demons, uniq_pikel
D:6:      layout_cave_pools, gup_sewer_entry_glass
D:7:      layout_cave_pools, lemuel_doored_altar,
          minmay_temple_entry_water_ring, minivault_14
D:8:      layout_cave_pools, nicolae_overflow_crystal_walls,
          jmf_multi_god_temple2, enter_bailey_6
D:9:      layout_rooms, elyvilon_altar_5, uniq_gastronok, uniq_joseph
D:10:     layout_long_grid, slow_altar_2, due_lair_maze_entry_diamond,
          minivault_16, minmay_ruffians, uniq_fannar
Temple:   minmay_temple_curvy_branch
Bailey:   bailey_polearm_enchanted_keep_hellmonk, bailey

Skill      XL: |  1  2  3  4  5  6  7  8  9 |
---------------+----------------------------+-----
Armour         | 3 |  3.0
Dodging        | 1 3 |  3.0
Shields        | 3 4 |  4.0
Evocations     | 1 |  1.9
Throwing       | 1 2 |  2.0
Short Blades   | 1 3 4 7 9 10 | 10.0
Spellcasting   | 1 2 4 |  4.5
Stealth        | 1 2 5 |  5.0
Fighting       | 4 |  4.0
Unarmed Combat | |  1.7

Action                     |  1- 3 |  4- 6 |  7- 9 | 10-12 || total
---------------------------+-------+-------+-------+-------++-------
  Melee: Unarmed           |    69 |       |    15 |       ||    84
         Short sword       |    81 |   108 |   650 |    25 ||   864
         Tailslap          |    13 |    28 |    98 |     2 ||   141
         Long sword        |       |    83 |    50 |       ||   133
  Throw: Stone             |       |     7 |    13 |       ||    20
         Throwing net      |       |       |     1 |       ||     1
         Dart              |       |       |     5 |       ||     5
  Evoke: Wand              |       |       |     1 |       ||     1
    Use: Scroll            |       |     9 |     9 |       ||    18
         Potion            |       |     3 |    10 |     1 ||    14
   Stab: Sleeping          |     1 |       |     1 |     1 ||     3
         Invisible         |       |       |       |     1 ||     1
 Armour: Scale mail        |    36 |       |       |       ||    36
         Leather armour    |     9 |    97 |   214 |       ||   320
         Skin              |       |       |    17 |       ||    17
         Steam dragon scal |       |       |       |    10 ||    10
  Dodge: Dodged            |    40 |    64 |   180 |     6 ||   290
  Block: Buckler           |    39 |    92 |   221 |    10 ||   362
         Reflection        |       |     1 |     2 |       ||     3
         Kite shield       |       |       |    32 |       ||    32

Table legend: (Time is in decaauts)
 A = Elapsed time spent in this place.
 B = Non-inter-level travel time spent in this place.
 C = Inter-level travel time spent in this place.
 D = Time resting spent in this place.
 E = Time spent auto-exploring this place.
 F = Levels seen in this place.
 G = Mean time per level.
                   A        B        C        D        E       F      G
               +--------+--------+--------+--------+--------+-----+--------+
         Total |   6429 |   5867 |    562 |    269 |   3167 |  14 |  459.2 |
       Dungeon |   5624 |   5062 |    562 |    181 |   2941 |  10 |  562.4 |
        Temple |      1 |      1 |      0 |      0 |      0 |   1 |    1.0 |
         Sewer |    283 |    283 |      0 |      0 |    135 |   1 |  283.0 |
       Ossuary |    357 |    357 |      0 |      0 |     57 |   1 |  357.0 |
        Bailey |    162 |    162 |      0 |     88 |     33 |   1 |  162.0 |
               +--------+--------+--------+--------+--------+-----+--------+

Top non-repeatable levels by time:
     D:4: 1164 daAuts
     D:3: 882 daAuts
     D:1: 822 daAuts
     D:2: 759 daAuts
     D:6: 643 daAuts
     D:7: 621 daAuts
     D:5: 611 daAuts
 Ossuary: 357 daAuts
   Sewer: 283 daAuts
  Bailey: 162 daAuts
     D:8: 83 daAuts
    D:10: 27 daAuts
     D:9: 9 daAuts
  Temple: 1 daAuts
